AoeStats
← Hunting_Jack090

Hideout

509663051Analyzed
1v1 RM · 6d ago on Sep 27, 2026· 41m 1s· 2 players
Game mode
Random Map
Map size
Tiny (2 player)
Population
200
Speed
Normal
Resources
Standard
Victory
Conquest
Starting age
Dark Age
Ending age
Imperial Age
RankedLock teamsTeams togetherTeam positionsShared explorationLock speedFull tech treeHidden civsTurbo modeCheats
Victory
Defeat
🇨🇿 Armenians · Czechia
805
+18
🇩🇪 Goths · Germany
857
-18
COUNT48
11:21 Feudal Age
11:52 Horse Collar
12:01 Double-Bit Axe
12:11 Gold Mining
20:12 Castle Age
17:56 Man-at-Arms
18:56 Scale Mail Armor
19:07 Forging
18:54 Long Swordsman
19:22 Arson
21:15 Wheelbarrow
21:16 Heavy Plow
22:01 Squires
22:23 Fervor
25:25 Gambesons
25:04 Two-Handed Swordsman
26:08 Bow Saw
28:25 Hand Cart
27:58 Loom
28:57 Gold Shaft Mining
29:24 Iron Casting
29:13 Stone Mining
31:05 Champion
32:40 Chain Mail Armor
32:16 Fletching
40:25 Imperial Age
41:13 Fereters
41:29 Conscription
41:43 Plate Mail Armor
42:22 Blast Furnace
Hunting_Jack090
3:53 Loom
9:09 Feudal Age
14:23 Castle Age
12:27 Town Watch
14:59 Double-Bit Axe
14:57 Horse Collar
19:04 Town Patrol
19:19 Man-at-Arms
20:59 Wheelbarrow
22:15 Fervor
23:09 Bow Saw
24:31 Hand Cart
25:58 Gold Mining
26:34 Long Swordsman
27:17 Squires
27:35 Scale Mail Armor
27:48 Forging
31:24 Chain Mail Armor
37:41 Imperial Age
39:01 Iron Casting
Connection lost

Rejoining the realm…

Still unreachable

The connection could not be restored.

Session expired

The server has moved on; the page needs a fresh start.